 Dungeon Crawl Stone Soup version 0.26-a0-597-gb535b0901c (webtiles) character file.

Game seed: 15262726980420611019

1616127 Ge0ff the Warrior (level 25, 239/239 HPs)
             Began as a Palentonga Warper on Sept 14, 2020.
             Was the Champion of Ru.
             Escaped with the Orb
             ... and 3 runes on Sept 15, 2020!
             The game lasted 03:54:15 (83897 turns).

Ge0ff the Warrior (Palentonga Warper)              Turns: 83897, Time: 03:54:15

Health: 239/239    AC: 47    Str: 23    XL:     25
Magic:  32/32      EV: 10    Int: 16    God:    Ru [******]
Gold:   5700       SH: 29    Dex: 21    Spells: 29/52 levels left

rFire    + . .     SeeInvis +   a - +9 double sword (elec)
rCold    + + .     Faith    .   D - +8 tower shield {rN+}
rNeg     + + +     Spirit   +   f - +12 crystal plate armour "Wewk" {rCorr Str+5}
rPois    +         Reflect  .   Q - +2 hat of the Bear Spirit {Spirit, +Rage rN+ MR++}
rElec    +         Harm     +   C - scarf {rC+ rF+}
rCorr    +                      U - +2 pair of gloves {Dex+3}
MR       +++..                  r - +3 barding "Poshrilo" {Harm rElec Int-3 Slay+2}
Stlth    ..........             O - amulet "Kyonoeta" {rPois Regen+ Int+3 Dex-4}
HPRegen  0.89/turn              e - ring "Hutsec" {EV+4 Dex+4}
MPRegen  0.23/turn              G - ring "Foveock" {Ice +Inv rPois rN+ MP-9, =R}

@: no status effects
A: large, rugged brown scales 3, see invisible, deformed body, fire resistance
1, strong 1, no stealth, hated by all, no hexes magic, no necromancy magic, no
poison magic, unskilled 1, inexperienced 1, roll, armoured tail
0: Orb of Zot
}: 3/15 runes: serpentine, barnacled, silver
a: Rolling Charge, Draw Out Power, Power Leap, Apocalypse, Renounce Religion,
Evoke Berserk Rage, Evoke Invisibility


You escaped.
You worshipped Ru.
Ru was exalted by your worship.
You visited 11 branches of the dungeon, and saw 53 of its levels.
You visited 2 bazaars.
You also visited: Sewer, Ossuary and Ice Cave.

You collected 16190 gold pieces.
You spent 10490 gold pieces at shops.

Inventory:

Hand Weapons
 a - a +9 double sword of electrocution (weapon)
 b - a +6 double sword of flaming
 h - a +2 vampiric rapier
Missiles
 g - 15 throwing nets {=f}
 v - 7 curare-tipped darts {=f}
 w - 35 silver javelins
 S - 25 javelins
 Y - 21 boomerangs (quivered)
Armour
 f - the +12 crystal plate armour "Wewk" (worn) {rCorr Str+5}
   (You acquired it on level 1 of the Elven Halls)

   It affects your strength (+5).
   It provides partial protection from all sources of acid and corrosion.
 r - the +3 barding "Poshrilo" (worn) {Harm rElec Int-3 Slay+2}
   (You acquired it in an ossuary)

   It affects your intelligence (-3).
   It affects your accuracy and damage with ranged weapons and melee attacks
   (+2).
   It insulates you from electricity.
   It increases damage dealt and taken.
 C - a scarf of resistance (worn)
 D - a +8 tower shield of positive energy (worn)
 Q - the +2 hat of the Bear Spirit (worn) {Spirit, +Rage rN+ MR++}
   (You bought it in a shop on level 3 of the Elven Halls)

   It protects you from negative energy.
   It affects your resistance to hostile enchantments.
   It lets you go berserk.
 U - a +2 pair of gloves of dexterity (worn)
Jewellery
 e - the ring "Hutsec" (left hand) {EV+4 Dex+4}
   (You found it on level 1 of the Depths)

   [ring of evasion]

   It affects your evasion (+4).
   It affects your dexterity (+4).
 A - an uncursed ring of protection from fire
 G - the ring "Foveock" (right hand) {Ice +Inv rPois rN+ MP-9, =R}
   (You found it on level 3 of the Lair of Beasts)

   [ring of ice]

   It enhances your ice magic.
   It makes you vulnerable to fire.
   It protects you from cold.
   It protects you from poison.
   It protects you from negative energy.
   It affects your magic capacity (-9).
   It lets you turn invisible.
 L - an uncursed ring of wizardry
 O - the amulet "Kyonoeta" (around neck) {rPois Regen+ Int+3 Dex-4}
   (You found it on level 4 of the Shoals)

   [amulet of regeneration]

   It affects your intelligence (+3).
   It affects your dexterity (-4).
   It protects you from poison.
   It increases your rate of regeneration.
Wands
 d - a wand of digging (22)
 j - a wand of acid (36)
 k - a wand of iceblast (20)
 p - a wand of paralysis (4)
 s - a wand of disintegration (50)
 P - a wand of polymorph (28)
Scrolls
 i - 41 scrolls of identify
 m - 4 scrolls of magic mapping
 u - 3 scrolls of holy word
 y - 11 scrolls of immolation
 B - 19 scrolls of blinking
 E - 14 scrolls of fear
 F - 11 scrolls of fog
 J - 2 scrolls of silence {!r}
 T - 36 scrolls of teleportation
 V - 11 scrolls of vulnerability
Potions
 o - 5 potions of ambrosia
 q - 23 potions of curing
 x - 11 potions of mutation
 z - 7 potions of brilliance
 H - 5 potions of haste {!q}
 I - 7 potions of invisibility
 K - 6 potions of magic {!q}
 M - 5 potions of might
 N - 7 potions of cancellation {!q}
 R - 7 potions of resistance
 W - 18 potions of heal wounds {!q}
 X - 10 potions of flight
 Z - 9 potions of berserk rage {!q}
Miscellaneous
 c - a condenser vane (2/2)
 l - a lightning rod (4/4)
 n - a phial of floods
 t - a tin of tremorstones (3/3)


   Skills:
 + Level 18.2 Fighting
 - Level 16.0 Long Blades
 + Level 10.8 Throwing
 + Level 15.9 Armour
 + Level 9.1 Dodging
 - Level 15.0 Shields
 - Level 14.0 Spellcasting
 - Level 14.0 Conjurations
 - Level 8.0 Translocations
 - Level 14.0 Transmutations
 - Level 11.0 Ice Magic
 - Level 7.0 Earth Magic
 + Level 11.9 Evocations


You had 29 spell levels left.
You knew the following spells:

 Your Spells              Type           Power        Failure   Level
b - Statue Form           Tmut/Erth      #####....    98%         6
c - Blink                 Tloc           N/A          10%         2
e - Irradiate             Conj/Tmut      ######....   16%         5
g - Apportation           Tloc           #####.       7%          1
m - Frozen Ramparts       Ice            ######       6%          3
n - Iskenderun's Mystic   Conj/Tloc      #####...     19%         4
w - Passwall              Tmut/Erth      #####...     3%          2

Your spell library contained the following spells:

 Spells                   Type           Power        Failure   Level
 Beastly Appendage        Tmut           ######       1%          1
 Freeze                   Ice            ####         1%          1
 Magic Dart               Conj           ####         1%          1
 Searing Ray              Conj           ######       1%          2
 Wereblood                Tmut           ######..     1%          2
 Ozocubu's Armour         Ice            ######..     6%          3
 Stone Arrow              Conj/Erth      #####.       7%          3
 Foxfire                  Conj/Fire      ####         10%         1
 Sandblast                Erth           ####..       10%         1
 Shock                    Conj/Air       ####         10%         1
 Hailstorm                Conj/Ice       ######..     11%         4
 Ice Form                 Ice/Tmut       ######..     11%         4
 Blade Hands              Tmut           ######....   16%         5
 Iskenderun's Battlesphe  Conj           ######..     16%         5
 Gell's Gravitas          Tloc           #####.....   21%         3
 Lesser Beckoning         Tloc           #####.....   21%         3
 Teleport Other           Tloc           #####...     21%         3
 Petrify                  Tmut/Erth      #####...     24%         4
 Conjure Flame            Conj/Fire      ####....     30%         3
 Static Discharge         Conj/Air       ####....     30%         3
 Passage of Golubria      Tloc           N/A          54%         4
 Hydra Form               Tmut           ######....   65%         6
 Sticky Flame             Conj/Fire      ####....     69%         4
 Swiftness                Air            ##......     95%         2
 Bolt of Magma            Conj/Fire/Erth ####......   95%         5
 Fireball                 Conj/Fire      ####......   95%         5
 Lee's Rapid Deconstruct  Erth           ####......   95%         5
 Iron Shot                Conj/Erth      #####.....   98%         6
 Dragon Form              Tmut           ######....   99%         7
 Airstrike                Air            ##........   100%        4
 Freezing Cloud           Conj/Ice/Air   ######....   100%        6
 Starburst                Conj/Fire      ####......   100%        6
 Ignition                 Fire           ##........   100%        8
 Shatter                  Erth           ####......   100%        9
 Tornado                  Air            ##........   100%        9
 Sting                    Tmut/Pois      Unusable     N/A         1
 Ensorcelled Hibernation  Hex/Ice        Unusable     N/A         2
 Dazzling Flash           Conj/Hex       Unusable     N/A         3
 Spider Form              Tmut/Pois      Unusable     N/A         3
 Ignite Poison            Fire/Tmut/Pois Unusable     N/A         3
 Mephitic Cloud           Conj/Pois/Air  Unusable     N/A         3
 Fulminant Prism          Conj/Hex       Unusable     N/A         4
 Portal Projectile        Hex/Tloc       Unusable     N/A         3
 Animate Skeleton         Necr           Unusable     N/A         1
 Corona                   Hex            Unusable     N/A         1
 Pain                     Necr           Unusable     N/A         1
 Summon Small Mammal      Summ           Unusable     N/A         1
 Summon Ice Beast         Ice/Summ       Unusable     N/A         4
 Call Imp                 Summ           Unusable     N/A         2
 Corpse Rot               Necr/Air       Unusable     N/A         2
 Poisonous Vapours        Pois/Air       Unusable     N/A         2
 Slow                     Hex            Unusable     N/A         2
 Sublimation of Blood     Necr           Unusable     N/A         2
 Alistair's Intoxication  Tmut/Pois      Unusable     N/A         5
 Yara's Violent Unravell  Hex/Tmut       Unusable     N/A         5
 Call Canine Familiar     Summ           Unusable     N/A         3
 Confusing Touch          Hex            Unusable     N/A         3
 Inner Flame              Hex/Fire       Unusable     N/A         3
 Summon Guardian Golem    Hex/Summ       Unusable     N/A         3
 Tukima's Dance           Hex            Unusable     N/A         3
 Vampiric Draining        Necr           Unusable     N/A         3
 Leda's Liquefaction      Hex/Erth       Unusable     N/A         4
 Metabolic Englaciation   Hex/Ice        Unusable     N/A         5
 Animate Dead             Necr           Unusable     N/A         4
 Cause Fear               Hex            Unusable     N/A         4
 Dispel Undead            Necr           Unusable     N/A         4
 Olgreb's Toxic Radiance  Pois           Unusable     N/A         4
 Summon Lightning Spire   Summ/Air       Unusable     N/A         4
 Agony                    Necr           Unusable     N/A         5
 Borgnjor's Vile Clutch   Necr/Erth      Unusable     N/A         5
 Excruciating Wounds      Necr           Unusable     N/A         5
 Silence                  Hex/Air        Unusable     N/A         5
 Summon Forest            Summ/Tloc      Unusable     N/A         5
 Eringya's Noxious Bog    Tmut/Pois      Unusable     N/A         6
 Invisibility             Hex            Unusable     N/A         6
 Shadow Creatures         Summ           Unusable     N/A         6
 Summon Hydra             Summ           Unusable     N/A         7
 Discord                  Hex            Unusable     N/A         8
 Dragon's Call            Summ           Unusable     N/A         9

Dungeon Overview and Level Annotations

Branches:
Dungeon (15/15)            Temple (1/1) D:6            Lair (6/6) D:8
 Shoals (4/4) Lair:2        Snake (4/4) Lair:4        Slime (0/5) Lair:5
    Orc (2/2) D:12            Elf (3/3) Orc:2        Vaults (5/5) D:13
  Crypt (3/3) Vaults:2       Tomb (0/3) Crypt:3      Depths (5/5) D:15
    Zot (5/5) Depths:5      Sewer (visited)         Ossuary (visited)
  IceCv (visited)

Altars:
Ashenzari
Cheibriados
Dithmenos
Elyvilon
Fedhas
Kikubaaqudgha
Makhleb
Okawaru
Qazlal
Ru
Sif Muna
Trog
Uskayaw
Vehumet
Wu Jian
Xom
Yredelemnul
Zin
The Shining One
Beogh

Shops:
D:8 :   D:10 (   D:12 :   D:13 ?   Orc:2 **[(   Elf:2 *   Elf:3 ?([*
Snake:2 :[   Snake:4 (   Vaults:4 !?(*

Portals:
Hell: Depths:1 Depths:2 Depths:3 Depths:4 Depths:5
Abyss: Depths:3 Depths:4 Depths:5
Pandemonium: Depths:1 Depths:3 Depths:4
Ziggurat: Depths:5


Innate Abilities, Weirdness & Mutations

You are completely covered in rugged brown scales. (AC +3, +7% HP)
You have supernaturally acute eyesight. (SInv)
Armour fits poorly on your strangely shaped body.
You cannot be stealthy.
You are hated by all.
You cannot study or cast Hexes magic.
You cannot study or cast Necromancy magic.
You cannot study or cast Poison magic.
You are somewhat unskilled. (-1 Apt)
You are somewhat inexperienced. (-2 XL)
You can roll at foes to attack.
You have a long armoured tail.
Your flesh is heat resistant. (rF+)
Your muscles are strong. (Str +2)


Message History

You kill the hell hound!
(D) Dungeon (T) Temple (L) Lair (A) Shoals (P) Snake Pit (M) Slime Pits (O) Orcish Mines (E) Elven Halls (V) Vaults (C) Crypt (W) Tomb (U) Depths (H) Hell (Z) Zot
Where to? (Enter - D:1 @ (x,y), ? - help) HP restored.
There is a stone staircase leading up here.
You climb upwards.
There is a stone staircase leading down here.
There is an escape hatch in the ceiling here.
A mysterious force pulls you upwards. The hatch slams shut behind you.
Magic restored.
There is an open door here.
There is an escape hatch in the ceiling here.
A mysterious force pulls you upwards. The hatch slams shut behind you.
You see here a stone.
Your magical contamination has completely faded away.
There is a staircase leading out of the dungeon here.
You have escaped!

##### ### ....# #.######### ....#
#.#≈≈≈≈≈≈≈# ....#####.#≈≈≈≈≈≈≈##
.......##.≈≈≈...≈..#
....##.##.≈≈≈(.....##############
..........≈≈≈..........)†........
.....#.##.≈≈..≈.@..#######.......
..........≈≈≈≈≈....# #.......
....###.(.≈≈≈≈≈....# #.....>.
....###...≈≈≈≈≈....#######.......
##........#≈≈≈≈≈.................
###......#######................
##.........###...............#
#............................
#.........###................


There were no monsters in sight!

Vanquished Creatures
  2 orbs of fire (Zot:5)
  9 ancient liches
  A juggernaut (Depths:2)
  A shard shrike (shapeshifter) (Depths:4)
  Margery (Vaults:2)
  4 curse toes
  3 Killer Klowns
  5 golden dragons
  A bone dragon (Crypt:3)
  A golden dragon (shapeshifter) (Vaults:5)
  A Tzitzimitl (D:5)
  A Brimstone Fiend (D:15)
  6 electric golems
  2 Ice Fiends
  16 tentacled monstrosities
  4 liches
  The ghost of p0werm0de the Warrior, an adept MiFi of Cheibriados (Depths:1)
  27 Orb Guardians
  4 deep elf blademasters
  Asterion (Snake:2)
  A deep elf master archer (Elf:3)
  6 titans
  A kraken (Shoals:2)
  7 quicksilver dragons
  A sphinx (shapeshifter) (Depths:4)
  10 death cobs
  2 ancient champions (Crypt:2)
  11 sphinxes
  7 nagarajas
  Agnes (D:15)
  10 tengu reavers
  2 storm dragons (shapeshifter)
  Roxanne (Elf:3)
  6 shadow dragons
  7 fire giants
  3 revenants
  13 storm dragons
  8 frost giants
  6 draconian monks
  17 vault wardens
  10 deep elf sorcerers
  A cacodemon (Zot:5)
  10 draconian knights
  Aizul (Vaults:1)
  4 iron dragons
  An emperor scorpion (shapeshifter) (Zot:4)
  2 spectral juggernauts (Depths:1)
  4 ghost moths
  5 curse skulls
  7 draconian scorchers
  A corrupter (Zot:5)
  4 balrugs
  7 ghouls
  A juggernaut skeleton (Depths:1)
  19 ironheart preservers
  6 deep elf elementalists
  10 draconian annihilators
  6 vampire knights
  22 very ugly things
  5 draconian stormcallers
  8 draconian shifters
  9 war gargoyles
  14 green draconians
  6 red draconians
  11 deep elf demonologists
  2 large abominations
  16 stone giants
  10 purple draconians
  12 black draconians
  A lorocyproca (Depths:4)
  18 deep elf annihilators
  19 yellow draconians
  17 white draconians
  A spark wasp (shapeshifter) (Depths:1)
  A crystal guardian (Vaults:4)
  5 spark wasps (Depths:4)
  13 ettins
  13 deep elf death magi
  3 eidola
  3 merfolk javelineers
  8 merfolk impalers
  4 fire dragons
  10 great orbs of eyes
  4 jiangshi (Crypt:1)
  14 deep elf high priests
  13 naga warriors
  12 yaktaur captains
  2 hydras (shapeshifter) (Zot:4)
  Fannar (D:11)
  38 vault guards
  Erolcha (D:11)
  4 hydras
  10 ice dragons
  8 rakshasas
  9 centaur warriors
  6 anacondas
  6 spriggan air magi
  4 merfolk avatars
  27 two-headed ogres
  8 merfolk aquamancers
  A juggernaut simulacrum (Depths:4)
  7 death knights
  2 satyrs
  2 two-headed ogres (shapeshifter) (Depths:4)
  10 death yaks
  3 spectral stone giants (Depths:1)
  7 small abominations
  9 deep troll earth magi
  30 dancing weapons
  2 alligator snapping turtles (Shoals:3)
  3 tengu warriors
  10 ogre magi
  8 deep troll shamans
  3 hell hogs (D:6)
  10 naga sharpshooters
  3 titan zombies
  3 spriggan berserkers
  3 orc high priests
  3 shock serpents
  3 vampire magi
  2 soul eaters
  A shock serpent (shapeshifter) (Vaults:5)
  A storm dragon zombie (Crypt:2)
  A titan skeleton (Depths:1)
  Sonja (D:10)
  24 deep elf knights
  2 sun demons (Depths:2)
  4 hell knights (Vaults:2)
  A sea snake (shapeshifter) (Vaults:5)
  A storm dragon skeleton (Crypt:3)
  2 shadow wraiths
  4 unseen horrors
  30 deep trolls
  3 iron trolls
  2 salamander mystics (Depths:1)
  31 skeletal warriors
  6 glowing orange brains
  16 sea snakes
  A shadow demon (Zot:4)
  2 tengu zombies
  A golden dragon skeleton (Depths:2)
  3 flayed ghosts
  22 orc knights
  An obsidian statue (Lair:3)
  8 naga ritualists
  8 phantasmal warriors
  18 ironbrand convokers
  3 lindwurms (Lair:6)
  22 deep elf archers
  12 harpies
  2 anaconda skeletons (Crypt:3)
  2 orb spiders (shapeshifter) (Depths:3)
  A wolf spider (shapeshifter) (Depths:4)
  A mana viper (shapeshifter) (Vaults:3)
  5 mana vipers
  91 deep elf magi
  3 stone giant zombies
  A shadow dragon zombie (Vaults:5)
  12 necromancers
  6 orc sorcerers
  A faun (shapeshifter) (Depths:1)
  A draconian (Zot:2)
  A shadow dragon skeleton (Crypt:3)
  6 wolf spiders
  A cyclops (shapeshifter) (Depths:4)
  18 fauns
  4 frost giant zombies
  An orb spider (Zot:4)
  10 cyclopes
  33 ugly things
  An iron dragon skeleton (Crypt:3)
  11 manticores
  14 salamanders
  A sphinx skeleton (Vaults:4)
  4 fire giant zombies
  A manticore (shapeshifter) (Vaults:3)
  6 merfolk sirens
  A salamander (shapeshifter) (Depths:3)
  14 fire giant skeletons
  11 moths of wrath
  14 elephants
  An alligator snapping turtle zombie (Crypt:2)
  A black mamba (shapeshifter) (Vaults:3)
  28 black mambas
  7 guardian serpents
  2 stone giant skeletons (Crypt:3)
  2 titan simulacra (Depths:1)
  13 vault sentinels
  17 eyes of devastation (Depths:2)
  A water nymph (shapeshifter) (Vaults:5)
  2 ice statues
  A frost giant skeleton (Depths:1)
  2 torpor snails (Lair:6)
  5 gargoyles
  30 naga magi
  Joseph (D:9)
  A torpor snail (shapeshifter) (Vaults:5)
  A storm dragon simulacrum (Depths:1)
  A komodo dragon (shapeshifter) (Depths:1)
  7 cane toads
  3 rime drakes
  9 water nymphs
  A swamp worm zombie (Crypt:1)
  2 yaktaur zombies (Depths:1)
  A dire elephant skeleton (Crypt:3)
  16 freezing wraiths
  4 komodo dragons
  50 yaktaurs
  A hellwing (Depths:1)
  A redback zombie (D:15)
  4 human skeletons (Vaults:4)
  3 guardian mummies (Crypt:3)
  A harpy zombie (Zot:4)
  A hydra zombie (Crypt:3)
  8 trolls
  3 meliai (D:15)
  2 tengu conjurers
  8 hornets
  26 merfolk
  A meliai (shapeshifter) (Vaults:3)
  17 polar bears
  A hornet (shapeshifter) (D:14)
  A troll (shapeshifter) (D:14)
  3 bog bodies (Crypt:1)
  A slime creature (shapeshifter) (Vaults:5)
  A tengu simulacrum (Vaults:3)
  A spriggan zombie (Depths:1)
  8 dream sheep
  3 hydra skeletons
  13 wind drakes
  15 blink frogs
  5 raiju (Zot:4)
  9 snapping turtles
  A dream sheep (shapeshifter) (Vaults:5)
  3 hippogriffs (shapeshifter)
  12 hippogriffs
  A frost giant simulacrum (Vaults:3)
  A harpy skeleton (Crypt:3)
  A stone giant simulacrum (Depths:1)
  8 flying skulls (Crypt:1)
  21 slime creatures
  6 fire dragon skeletons (Crypt:3)
  A spriggan (Depths:5)
  2 air elementals (Elf:1)
  A shadow (Crypt:3)
  13 wraiths
  Sigmund (D:3)
  5 wyverns
  2 ettin skeletons
  A spriggan simulacrum (Depths:1)
  19 water elementals
  A black mamba skeleton (Crypt:2)
  3 basilisks
  A fire bat (shapeshifter) (Vaults:3)
  69 yaks
  8 fire elementals
  A hog (shapeshifter) (Depths:4)
  An ice dragon skeleton (Crypt:2)
  A golden eye (shapeshifter) (Vaults:3)
  3 basilisks (shapeshifter)
  2 golden eyes (Depths:2)
  16 wargs
  Menkaure (Ossuary)
  A swamp worm (shapeshifter) (Depths:4)
  10 water moccasins
  An acid dragon (D:13)
  40 nagas
  2 floating eyes (shapeshifter)
  A deep troll skeleton (Vaults:4)
  6 hell hounds
  A swamp drake (shapeshifter) (Depths:4)
  7 porcupines
  A sky beast (shapeshifter) (Depths:3)
  A hornet zombie (D:11)
  3 human zombies
  6 sky beasts
  9 boggarts
  2 eyes of draining
  An eye of draining (shapeshifter) (Depths:3)
  2 necrophages (Crypt:2)
  53 orc warriors
  2 black bears
  13 ice beasts
  3 phantoms
  26 ogres
  22 wolves
  19 centaurs
  A swamp dragon skeleton (Crypt:3)
  2 big kobolds
  13 crocodiles
  A fire crab zombie (Crypt:1)
  A komodo dragon zombie (Crypt:1)
  A glowing shapeshifter simulacrum (Vaults:3)
  17 bullfrogs
  5 earth elementals
  A palentonga skeleton (Crypt:1)
  A wyvern zombie (D:15)
  6 scorpions
  An elf simulacrum (Vaults:4)
  A water moccasin zombie (D:10)
  A water moccasin skeleton (D:12)
  13 killer bees
  A warg skeleton (Crypt:1)
  11 wights
  A polar bear skeleton (Crypt:1)
  8 howler monkeys
  A crimson imp (Depths:1)
  A human simulacrum (Vaults:4)
  6 hounds
  12 orc priests
  2 bullfrog zombies
  9 jellies
  A quasit (D:12)
  A basilisk zombie (Crypt:2)
  Crazy Yiuf (D:4)
  6 centaur skeletons
  5 bullfrog skeletons
  An iguana (D:8)
  2 hell rats (Lair:3)
  27 orc wizards
  12 worker ants
  A killer bee zombie (D:7)
  A demigod skeleton (Crypt:2)
  A hound skeleton (D:9)
  8 mummies
  A worker ant zombie (D:5)
  A howler monkey zombie (D:9)
  10 gnolls
  18 adders
  13 river rats
  A steam dragon skeleton (Crypt:2)
  A swamp drake skeleton (Crypt:2)
  3 shadow imps
  5 white imps
  3 ufetubi
  An ooze (D:3)
  A worm zombie (Crypt:1)
  5 dart slugs
  6 leopard geckos
  122 orcs
  6 ball pythons
  7 giant cockroaches
  13 goblins
  13 hobgoblins
  20 jackals
  3 quokkas
  A ball python (shapeshifter) (Vaults:4)
  7 bats
  3 frilled lizards
  6 gnoll skeletons
  3 gnoll zombies (Ossuary)
  5 goblin skeletons (Ossuary)
  6 goblin zombies (Ossuary)
  4 hobgoblin skeletons (Ossuary)
  4 hobgoblin zombies (Ossuary)
  A jackal skeleton (D:5)
  23 kobolds
  5 kobold skeletons (Ossuary)
  3 kobold zombies (Ossuary)
  2 leopard gecko skeletons (D:4)
  3 leopard gecko zombies
  3 orc skeletons (Ossuary)
  5 orc zombies (Ossuary)
  A quokka skeleton (D:4)
  9 rats
  3 rat skeletons (Ossuary)
  2 rat zombies (Ossuary)
  A river rat skeleton (Crypt:1)
  A butterfly (Zot:4)
  10 crawling corpses
  3 tentacles (Shoals:2)
2676 creatures vanquished.

Vanquished Creatures (others)
  A Killer Klown (Zot:3)
  A deep elf master archer (Depths:4)
  2 quicksilver dragons
  A death cob (Zot:2)
  2 fire giants
  A deep elf sorcerer (Elf:3)
  A draconian stormcaller (Zot:2)
  An emperor scorpion (shapeshifter) (Zot:4)
  A draconian annihilator (Zot:2)
  2 ghouls (Crypt:1)
  A stone giant (Depths:2)
  2 white draconians
  An ettin (Vaults:5)
  A hydra (D:13)
  A vault guard (Vaults:5)
  A merfolk aquamancer (Shoals:1)
  A centaur warrior (Depths:1)
  A deep troll shaman (Depths:2)
  A spriggan berserker (Depths:2)
  A deep troll earth mage (Depths:4)
  A naga sharpshooter (Snake:4)
  A shadow wraith (Vaults:4)
  A deep troll (Depths:5)
  A deep elf archer (Elf:2)
  A necromancer (Depths:1)
  A faun (Shoals:2)
  2 ugly things
  2 deep elf magi
  An orc sorcerer (Elf:2)
  A manticore (Shoals:4)
  A moth of wrath (Zot:2)
  A naga mage (Snake:4)
  2 eyes of devastation (Depths:2)
  A polar bear (IceCv)
  A flying skull (Crypt:1)
  A wyvern (D:14)
  A yak (Lair:1)
  A water moccasin (Lair:6)
  2 orc warriors
  2 wolves (IceCv)
  A howler monkey (D:14)
  A hound (D:12)
  2 orc priests
  An orc wizard (Orc:2)
  An orc (Orc:2)
  A gnoll zombie (Ossuary)
  An orc zombie (Ossuary)
  3 crawling corpses
  25 fungi
  63 plants
  5 tentacles (Shoals:2)
  3 withered plants (Crypt:3)
156 creatures vanquished.

Grand Total: 2832 creatures vanquished

Notes
Turn   | Place    | Note
-------+----------+-------------------------------------------
     0 | D:1      | Ge0ff the Palentonga Warper began the quest for the Orb.
     0 | D:1      | Reached XP level 1. HP: 18/18 MP: 3/3
    27 | D:1      | Reached skill level 1 in Armour
    50 | D:1      | Reached XP level 2. HP: 19/25 MP: 5/5
   495 | D:1      | Reached XP level 3. HP: 31/31 MP: 6/6
  1111 | D:2      | Found a shadowy altar of Dithmenos.
  1688 | D:3      | Reached XP level 4. HP: 38/38 MP: 7/7
  2000 | D:3      | Found a basalt altar of Yredelemnul.
  2070 | D:3      | Noticed Sigmund
  2080 | D:3      | Gained mutation: Your flesh is heat resistant. (rF+)
                  | [potion of mutation]
  2080 | D:3      | Gained mutation: Your muscles are strong. (Str +2) [potion
                  | of mutation]
  2275 | D:3      | Found an ornate altar of the Wu Jian Council.
  2366 | D:3      | Reached XP level 5. HP: 41/43 MP: 8/8
  2551 | D:3      | Killed Sigmund
  2551 | D:3      | Reached skill level 5 in Long Blades
  2551 | D:3      | Reached XP level 6. HP: 51/51 MP: 9/9
  3215 | D:4      | Found a stormy altar of Qazlal.
  3253 | D:4      | Reached XP level 7. HP: 33/59 MP: 10/10
  3640 | D:4      | Reached skill level 3 in Fighting
  3801 | D:4      | Found a blossoming altar of Fedhas.
  4017 | D:4      | Found a runed translucent door.
  4018 | D:4      | Noticed Crazy Yiuf
  4041 | D:5      | Entered Level 5 of the Dungeon
  4333 | D:5      | Found a glowing drain.
  4340 | Sewer    | Entered a sewer
  5616 | D:5      | Reached XP level 8. HP: 67/67 MP: 11/11
  5761 | D:5      | Reached skill level 1 in Throwing
  6401 | D:6      | Found a staircase to the Ecumenical Temple.
  6486 | Temple   | Entered the Ecumenical Temple
  6509 | Temple   | Became a worshipper of Ru the Awakened
  7447 | D:6      | Found a shimmering altar of Xom.
  7467 | D:6      | Reached skill level 4 in Fighting
  8090 | D:7      | Reached skill level 10 in Long Blades
  8264 | D:7      | Found a radiant altar of Vehumet.
  8409 | D:7      | Reached XP level 9. HP: 73/77 MP: 12/12
  8410 | D:7      | Gained mutation: You are hated by all. [Ru sacrifice]
  8410 | D:7      | Reached * piety under Ru
  8548 | D:7      | Found an iron altar of Okawaru.
  8628 | D:7      | Reached skill level 1 in Evocations
  8847 | D:4      | Killed Crazy Yiuf
  8936 | D:8      | Reached skill level 5 in Fighting
  8968 | D:8      | Found a glowing silver altar of Zin.
  9098 | D:8      | Found a white marble altar of Elyvilon.
  9169 | D:8      | Found a hide-covered altar of Uskayaw.
  9205 | D:8      | Found Soroga's Book Emporium.
  9262 | D:8      | Found a sand-covered staircase.
  9281 | Ossuary  | Entered an ossuary
  9754 | Ossuary  | Noticed Menkaure
  9767 | Ossuary  | Killed Menkaure
  9767 | Ossuary  | Reached skill level 1 in Shields
  9953 | Ossuary  | Identified a scroll of acquirement
  9954 | Ossuary  | Acquired the +3 barding "Poshrilo" {Harm rElec Int-3
                  | Slay+2}
 10039 | D:8      | Noticed a death yak
 10336 | D:8      | Noticed a death yak
 10391 | D:8      | Killed a death yak
 10391 | D:8      | Reached XP level 10. HP: 45/88 MP: 13/13
 10600 | D:8      | Noticed a death yak
 10601 | D:8      | Noticed a death yak
 10601 | D:8      | Noticed a death yak
 10668 | D:7      | Killed a death yak
 10958 | D:8      | Found a bloodstained altar of Trog.
 10960 | D:8      | Gained mutation: You are somewhat unskilled. (-1 Apt) [Ru
                  | sacrifice]
 10960 | D:8      | Reduced skill Long Blades to level 10
 10960 | D:8      | Reduced skill Spellcasting to level 1
 10960 | D:8      | Reached ** piety under Ru
 10960 | D:8      | Reached *** piety under Ru
 10977 | D:8      | Found a staircase to the Lair.
 11162 | D:8      | Noticed a death yak
 11252 | D:7      | Killed a death yak
 11548 | D:7      | Killed a death yak
 11548 | D:7      | Reached skill level 6 in Fighting
 11746 | D:7      | Killed a death yak
 11817 | D:8      | Found a staircase to the Lair.
 11863 | D:8      | Found a hide-covered altar of Uskayaw.
 11901 | D:8      | Found a white marble altar of Elyvilon.
 11930 | D:8      | Killed a death yak
 12133 | D:9      | Found a shattered altar of Ashenzari.
 12173 | D:9      | Noticed a manticore
 12182 | D:9      | Reached skill level 5 in Armour
 12182 | D:9      | Reached XP level 11. HP: 97/97 MP: 13/13
 12203 | D:9      | Acquired a +0 double sword of protection
 12483 | D:9      | Found a burning altar of Makhleb.
 12651 | D:9      | Noticed Joseph
 12667 | D:9      | Killed Joseph
 12667 | D:9      | Reached skill level 5 in Evocations
 13273 | D:10     | Entered Level 10 of the Dungeon
 13324 | D:10     | Reached skill level 7 in Fighting
 13334 | D:10     | Noticed Sonja
 13703 | D:10     | Reached skill level 1 in Throwing
 13735 | D:10     | Killed Sonja
 13891 | D:10     | Got a warped plate armour
 13902 | D:10     | Identified the cursed +1 plate armour of the Hot Ocelot
                  | {Harm rPois MR- Regen+} (You found it on level 10 of the
                  | Dungeon)
 14028 | D:10     | Found Lemoamay's Weapon Shop.
 14191 | D:11     | Noticed Erolcha
 14198 | D:11     | Killed Erolcha
 14387 | D:11     | Noticed a green ugly thing
 14401 | D:11     | Killed a green ugly thing
 14864 | D:11     | Reached XP level 12. HP: 43/108 MP: 14/14
 15154 | D:11     | Noticed Fannar
 15174 | D:11     | Killed Fannar
 15483 | D:11     | Reached skill level 8 in Fighting
 15526 | D:11     | Noticed a two-headed ogre
 15530 | D:11     | Killed a two-headed ogre
 15956 | Lair:1   | Entered Level 1 of the Lair of Beasts
 17634 | Lair:2   | Found a staircase to the Shoals.
 18255 | Lair:3   | Gained mutation: You are somewhat inexperienced. (-2 XL)
                  | [Ru sacrifice]
 18255 | Lair:3   | Reached XP level 11. HP: 101/101 MP: 13/13
 18255 | Lair:3   | Reached XP level 10. HP: 96/96 MP: 12/12
 18255 | Lair:3   | Reached **** piety under Ru
 18255 | Lair:3   | Reached ***** piety under Ru
 18363 | Lair:3   | Noticed an elephant
 18369 | Lair:3   | Noticed an elephant
 18370 | Lair:3   | Noticed an elephant
 18371 | Lair:3   | Noticed an elephant
 18398 | Lair:2   | Killed an elephant
 18563 | Lair:3   | Killed an elephant
 18598 | Lair:3   | Reached XP level 11. HP: 80/101 MP: 13/13
 18806 | Lair:3   | Noticed a six-headed hydra
 18814 | Lair:3   | Killed a six-headed hydra
 19078 | Lair:3   | Reached skill level 9 in Fighting
 19608 | Lair:3   | Noticed an obsidian statue
 19636 | Lair:3   | Killed an obsidian statue
 19640 | Lair:3   | Got a clouded lapis lazuli ring
 19642 | Lair:3   | Got a slimy quarterstaff
 19645 | Lair:3   | Got the ring "Eneujaokk" {+Fly}
 19706 | Lair:3   | Identified the ring "Eneujaokk" {+Fly Str+3} (You found it
                  | on level 3 of the Lair of Beasts)
 19708 | Lair:3   | Identified the ring "Foveock" {Ice +Inv rPois rN+ MP-9}
                  | (You found it on level 3 of the Lair of Beasts)
 19722 | Lair:4   | Noticed a six-headed hydra
 19980 | Lair:4   | Noticed Nessos
 19982 | Lair:4   | Noticed Nessos
 19982 | Lair:4   | Nessos changed into Nessos the deep troll
 20001 | Lair:4   | Killed Nessos the deep troll
 20431 | Lair:4   | Found a staircase to the Snake Pit.
 20572 | Lair:4   | Killed an eight-headed hydra
 20572 | Lair:4   | Reached XP level 12. HP: 86/111 MP: 5/14
 21570 | Lair:5   | Found a staircase to the Slime Pits.
 22619 | Lair:6   | Entered Level 6 of the Lair of Beasts
 22619 | Lair:6   | Noticed a six-headed hydra
 22622 | Lair:6   | Killed a six-headed hydra
 22855 | Lair:6   | Reached XP level 13. HP: 67/119 MP: 6/15
 22887 | Lair:6   | Found a frozen archway.
 23031 | IceCv    | Entered an ice cave
 23715 | IceCv    | Noticed a white draconian
 23739 | IceCv    | Killed a white draconian
 23739 | IceCv    | Reached skill level 10 in Fighting
 25430 | D:12     | Found Bovosuen's Book Emporium.
 25483 | D:12     | Found a staircase to the Orcish Mines.
 25545 | D:12     | Reached XP level 14. HP: 114/129 MP: 2/16
 25633 | D:12     | Reached skill level 5 in Shields
 25886 | D:12     | Learned a level 1 spell: Apportation
 25889 | D:12     | Learned a level 2 spell: Passwall
 26037 | D:12     | Gained mutation: You cannot be stealthy. [Ru sacrifice]
 27107 | D:13     | Reached skill level 15 in Long Blades
 27446 | D:13     | Found a gate to the Vaults.
 27576 | D:13     | Found Walixew's Magic Scroll Emporium.
 28588 | D:14     | Gained mutation: You cannot study or cast Poison magic. [Ru
                  | sacrifice]
 28588 | D:14     | Gained mutation: You cannot study or cast Hexes magic. [Ru
                  | sacrifice]
 28588 | D:14     | Gained mutation: You cannot study or cast Necromancy magic.
                  | [Ru sacrifice]
 28588 | D:14     | Reached ****** piety under Ru
 29122 | D:15     | Entered Level 15 of the Dungeon
 29366 | D:15     | Noticed Agnes
 29372 | D:15     | Killed Agnes
 29754 | D:15     | Reached XP level 15. HP: 85/136 MP: 9/18
 29781 | D:15     | Reached skill level 11 in Fighting
 29781 | D:15     | Reached skill level 1 in Conjurations
 29980 | D:15     | Found a staircase to the Depths.
 30687 | Orc:1    | Entered Level 1 of the Orcish Mines
 30867 | Orc:1    | Found a roughly hewn altar of Beogh.
 31069 | Orc:2    | Entered Level 2 of the Orcish Mines
 31077 | Orc:2    | Found a staircase to the Elven Halls.
 31127 | Orc:2    | Reached skill level 1 in Transmutations
 31434 | Orc:1    | Found a roughly hewn altar of Beogh.
 31728 | Orc:2    | Found a roughly hewn altar of Beogh.
 31742 | Orc:2    | Found Xearerr's General Store.
 31742 | Orc:2    | Found Ykhagg's General Store.
 31768 | Orc:2    | Bought 4 curare-tipped darts for 43 gold pieces
 31768 | Orc:2    | Bought a +2 helmet for 297 gold pieces
 32067 | Orc:2    | Found Tegemu's Weapon Emporium.
 32067 | Orc:2    | Found Gutaithe's Antique Armour Boutique.
 32766 | Snake:1  | Entered Level 1 of the Snake Pit
 34992 | Snake:2  | Noticed Asterion
 34994 | Snake:2  | Noticed an Executioner
 35286 | Snake:2  | Killed Asterion
 35398 | Snake:2  | Noticed a nagaraja
 35405 | Snake:2  | Killed a nagaraja
 35618 | Snake:2  | Found Cetyuf's Antique Armour Shop.
 35618 | Snake:2  | Found Daenio's Book Boutique.
 35639 | Snake:2  | Bought a pair of glowing gloves for 232 gold pieces
 35871 | D:12     | Bought a book of Transfigurations for 660 gold pieces
 36213 | Snake:2  | Learned a level 5 spell: Irradiate
 36216 | Snake:2  | Learned a level 2 spell: Blink
 36220 | Snake:2  | Learned a level 3 spell: Frozen Ramparts
 36225 | Snake:2  | Learned a level 4 spell: Iskenderun's Mystic Blast
 36714 | Snake:3  | Noticed a nagaraja
 36718 | Snake:3  | Killed a nagaraja
 36987 | Snake:3  | Reached XP level 16. HP: 147/147 MP: 12/21
 37649 | Snake:4  | Entered Level 4 of the Snake Pit
 38325 | Snake:3  | Reached skill level 5 in Conjurations
 38690 | Snake:3  | Learned a level 6 spell: Statue Form
 39441 | Snake:4  | Found Pykurgh's Weapon Boutique.
 39459 | Snake:4  | Reached skill level 12 in Fighting
 39693 | Snake:4  | Reached skill level 10 in Evocations
 40463 | Snake:4  | Got a serpentine rune of Zot
 40912 | Shoals:1 | Entered Level 1 of the Shoals
 40971 | Shoals:1 | Reached skill level 5 in Transmutations
 41247 | Shoals:1 | Found a runed translucent door.
 41304 | Shoals:1 | Reached XP level 17. HP: 143/156 MP: 14/23
 42227 | Shoals:1 | Noticed a titan
 42250 | Shoals:1 | Killed a titan
 42834 | Shoals:2 | Reached skill level 10 in Armour
 43598 | Shoals:2 | Noticed a kraken
 43610 | Shoals:2 | Killed a kraken
 43610 | Shoals:2 | Reached skill level 5 in Spellcasting
 44635 | Shoals:3 | Found a transporter.
 45007 | Shoals:4 | Entered Level 4 of the Shoals
 45578 | Shoals:3 | Found a transporter.
 45808 | Shoals:3 | Found a gateway to a bazaar.
 45814 | Bazaar   | Entered a bazaar
 45814 | Bazaar   | Found Kexzut's Antique Armour Boutique.
 45814 | Bazaar   | Found Wexil's Weapon Boutique.
 45829 | Bazaar   | Found Mauki's Assorted Antiques.
 45866 | Bazaar   | Found Eloz's Antique Weapon Shoppe.
 45867 | Bazaar   | Found Kamise Igux's Magic Scroll Shop.
 45877 | Bazaar   | Bought a scroll of acquirement for 988 gold pieces
 45879 | Bazaar   | Acquired 1610 gold pieces
 45881 | Bazaar   | Bought a scroll of magic mapping for 66 gold pieces
 45881 | Bazaar   | Bought a scroll of teleportation for 57 gold pieces
 45881 | Bazaar   | Bought a scroll of enchant weapon for 142 gold pieces
 45905 | Bazaar   | Bought a potion of curing for 75 gold pieces
 45905 | Bazaar   | Bought a potion of might for 100 gold pieces
 45905 | Bazaar   | Bought a potion of curing for 75 gold pieces
 46296 | Shoals:4 | Identified the amulet "Kyonoeta" {rPois Regen+ Int+3 Dex-4}
                  | (You found it on level 4 of the Shoals)
 46887 | Shoals:4 | Reached skill level 10 in Conjurations
 46888 | Shoals:4 | Reached XP level 18. HP: 63/166 MP: 16/25
 47039 | Shoals:4 | Got a barnacled rune of Zot
 47461 | Shoals:3 | Got a bound silver amulet
 47462 | Shoals:3 | Identified the amulet of Anoish {RegenMP rN++ Str-2} (You
                  | found it on level 3 of the Shoals)
 47473 | Shoals:3 | Identified the ring of Heluziy {rElec rC+ rN+ SInv} (You
                  | found it on level 3 of the Shoals)
 47475 | Shoals:3 | Identified Hurujues's Tome of the Unholy Arsonist
 47781 | Elf:1    | Entered Level 1 of the Elven Halls
 47830 | Elf:1    | Found a flickering gateway to a bazaar.
 47852 | Bazaar   | Entered a bazaar
 47853 | Bazaar   | Found Huerotom's General Store.
 47860 | Bazaar   | Found Gihuwk's Antique Armour Shoppe.
 47864 | Bazaar   | Found Vall's Assorted Antiques.
 47875 | Bazaar   | Found Ohenesu's Antique Weapon Shoppe.
 47907 | Bazaar   | Found Caxterol's Magic Scroll Emporium.
 47915 | Bazaar   | Bought a scroll of acquirement for 572 gold pieces
 47915 | Bazaar   | Acquired 760 gold pieces
 47919 | Bazaar   | Bought a scroll of enchant weapon for 82 gold pieces
 47919 | Bazaar   | Bought a scroll of blinking for 82 gold pieces
 47919 | Bazaar   | Bought a scroll of fog for 22 gold pieces
 47919 | Bazaar   | Bought a scroll of enchant weapon for 82 gold pieces
 47919 | Bazaar   | Bought a scroll of teleportation for 33 gold pieces
 47919 | Bazaar   | Bought a scroll of silence for 82 gold pieces
 47919 | Bazaar   | Bought a scroll of immolation for 38 gold pieces
 47938 | Bazaar   | Bought a scroll of enchant armour for 75 gold pieces
 47938 | Bazaar   | Bought a scroll of identify for 20 gold pieces
 47938 | Bazaar   | Bought a scroll of magic mapping for 35 gold pieces
 47938 | Bazaar   | Bought a wand of acid (6) for 200 gold pieces
 47938 | Bazaar   | Bought a scroll of enchant weapon for 75 gold pieces
 47945 | Bazaar   | Bought a pitted tower shield for 228 gold pieces
 47955 | Bazaar   | Identified the +4 tower shield of the Snake Pit {Harm rPois
                  | rCorr Slay-3} (You bought it in a shop in a bazaar)
 47971 | Bazaar   | Bought a wand of acid (9) for 264 gold pieces
 47971 | Bazaar   | Bought a crude triple sword for 495 gold pieces
 47971 | Bazaar   | Bought a wand of paralysis (6) for 66 gold pieces
 47971 | Bazaar   | Bought a scroll of identify for 66 gold pieces
 47971 | Bazaar   | Bought a scroll of identify for 66 gold pieces
 47971 | Bazaar   | Identified the +2 triple sword of Dishonour {freeze, +Blink
                  | +Fly rC- Dex+4} (You bought it in a shop in a bazaar)
 48261 | Elf:1    | Reached skill level 1 in Earth Magic
 48360 | Elf:1    | Identified the Compendium of Slavery
 48389 | Elf:1    | Reached skill level 1 in Ice Magic
 48394 | Elf:1    | Reached skill level 5 in Throwing
 48553 | Elf:1    | Acquired the +12 crystal plate armour "Wewk" {rCorr Str+5}
 49420 | Elf:2    | Found a large runed translucent door.
 49420 | Elf:2    | Found a large runed translucent door.
 49445 | Elf:2    | Found a large runed translucent door.
 49445 | Elf:2    | Found a large runed translucent door.
 49496 | Elf:2    | Reached skill level 13 in Fighting
 49554 | Elf:2    | Found Colulien's Assorted Antiques.
 49597 | Elf:2    | Bought a scroll of vulnerability for 165 gold pieces
 49861 | Elf:2    | Found a shimmering blue altar of Sif Muna.
 50497 | Elf:2    | Reached XP level 19. HP: 173/174 MP: 18/27
 50566 | Elf:3    | Entered Level 3 of the Elven Halls
 50815 | Elf:3    | Identified Roxanne's Incunabulum of Transmigration
 50815 | Elf:3    | Noticed Roxanne
 50823 | Elf:3    | Killed Roxanne
 50893 | Elf:3    | Found Ferogo Ylec's Magic Scroll Emporium.
 50895 | Elf:3    | Found Wohagryh's Antique Armour Emporium.
 50897 | Elf:3    | Found Mungoaho's General Store.
 50898 | Elf:3    | Found Jiokos's Weapon Emporium.
 50914 | Elf:3    | Bought a +2 helmet of intelligence for 387 gold pieces
 50948 | Elf:3    | Bought a shiny tower shield for 180 gold pieces
 50948 | Elf:3    | Bought the +2 hat of the Bear Spirit {Spirit, +Rage rN+
                  | MR++} for 938 gold pieces
 50948 | Elf:3    | Found the +2 hat of the Bear Spirit {Spirit, +Rage rN+
                  | MR++}
 51355 | Elf:3    | Reached skill level 5 in Dodging
 51946 | Elf:3    | Reached skill level 5 in Translocations
 52073 | Elf:3    | Identified the amulet "Igyplumo" {Faith rF+ Str+2}
 52108 | Elf:3    | Identified the amulet of Ridghuing {Acrobat rPois}
 52185 | Elf:3    | Identified Sif Muna's Grimoire of Contamination and
                  | Moulding
 52211 | Elf:3    | Found the +15 Maxwell's patent armour {-Cast -Tele rElec
                  | MR+ rCorr}
 52216 | Elf:3    | Identified Asumiano's Grimoire of Evil Combat Magic
 52225 | Elf:3    | Found the +4 dagger "Morg" {pain, MR+ Int+5}
 52976 | Elf:3    | Found the +2 ratskin cloak {*Rats rPois rN+ Str-1 Int-1
                  | Dex+1}
 53010 | Elf:3    | Got a scorched hand crossbow
 53383 | Vaults:1 | Entered Level 1 of the Vaults
 53817 | Vaults:1 | Noticed Aizul
 53828 | Vaults:1 | Killed Aizul
 54089 | Vaults:1 | Reached XP level 20. HP: 183/185 MP: 21/30
 54969 | Vaults:2 | Found a staircase to the Crypt.
 55095 | Vaults:2 | Noticed Margery
 55104 | Vaults:2 | Killed Margery
 55508 | Vaults:2 | Reached skill level 14 in Fighting
 56630 | Vaults:3 | Reached skill level 10 in Shields
 56937 | Vaults:3 | Identified the ring of Mirghuedaq {rElec Str+2 SInv}
 56956 | Vaults:3 | Reached XP level 21. HP: 175/193 MP: 21/33
 57086 | Vaults:3 | Reached skill level 5 in Earth Magic
 57449 | Vaults:4 | Found Rujan's Assorted Antiques.
 57454 | Vaults:4 | Bought a scroll of fear for 119 gold pieces
 57600 | Vaults:4 | Found Owocsaan's Magic Scroll Shop.
 57602 | Vaults:4 | Found Kiwnuk's Weapon Shop.
 57865 | Vaults:4 | Found Vasohut's Distillery.
 59069 | Crypt:1  | Entered Level 1 of the Crypt
 59316 | Crypt:1  | Reached skill level 5 in Ice Magic
 59595 | Crypt:1  | You fall into a shaft and drop 1 floor!
 59772 | Crypt:1  | Reached XP level 22. HP: 204/204 MP: 26/35
 60550 | Crypt:2  | Found a shimmering altar of Xom.
 60952 | Crypt:3  | Entered Level 3 of the Crypt
 61110 | Crypt:3  | Reached skill level 15 in Fighting
 61695 | Crypt:3  | Got a smoking ring mail
 62021 | Crypt:3  | Reached skill level 10 in Spellcasting
 62075 | Crypt:3  | Found an ancient bone altar of Kikubaaqudgha.
 62111 | Crypt:3  | Noticed an ancient lich
 62124 | Crypt:3  | Killed an ancient lich
 62486 | Crypt:3  | Found a staircase to the Tomb.
 63163 | Depths:1 | Entered Level 1 of the Depths
 63597 | Depths:1 | Found a runed translucent door.
 63602 | Depths:1 | Noticed p0werm0de's ghost (adept MiFi)
 63637 | Depths:1 | Killed p0werm0de's ghost
 63637 | Depths:1 | Reached XP level 23. HP: 207/214 MP: 28/37
 63668 | Depths:1 | Acquired 1670 gold pieces
 63684 | Depths:1 | Got a scintillating iron ring
 63685 | Depths:1 | Identified the ring "Hutsec" {EV+4 Dex+4} (You found it on
                  | level 1 of the Depths)
 63801 | Depths:1 | Found a one-way gate leading to the halls of Pandemonium.
 63918 | Depths:1 | Found a gateway to Hell.
 64239 | Depths:1 | Reached skill level 10 in Transmutations
 64662 | Depths:2 | Noticed a juggernaut
 64685 | Depths:2 | Killed a juggernaut
 65375 | Depths:2 | Identified the ring of Ruqoon Gyap {AC+4 Slay+3}
 66685 | Depths:3 | Acquired 1970 gold pieces
 66866 | Depths:3 | Found a one-way gate to the infinite horrors of the Abyss.
 66977 | Depths:2 | Got a steaming quarterstaff
 67332 | Depths:3 | Got a fine battleaxe
 67699 | Depths:4 | Reached skill level 16 in Fighting
 67767 | Depths:4 | Noticed a shard shrike
 67771 | Depths:4 | Killed a shard shrike
 68015 | Depths:4 | Reached XP level 24. HP: 224/224 MP: 29/38
 68631 | Depths:4 | Identified the Volume of the Compass
 68854 | Depths:5 | Entered Level 5 of the Depths
 69107 | Depths:5 | Found a gate to the Realm of Zot.
 69721 | Depths:5 | Found a gateway to a ziggurat.
 70342 | Vaults:5 | Entered Level 5 of the Vaults
 70488 | Vaults:5 | Reached XP level 25. HP: 193/235 MP: 26/39
 71030 | Vaults:4 | Found Rujan's Assorted Antiques.
 71126 | Vaults:4 | Found Kiwnuk's Weapon Shop.
 71129 | Vaults:4 | Found Owocsaan's Magic Scroll Shop.
 71130 | Vaults:4 | Found Vasohut's Distillery.
 71552 | Vaults:5 | Reached skill level 17 in Fighting
 71991 | Vaults:5 | Noticed an ancient lich
 72000 | Vaults:5 | Killed an ancient lich
 72182 | Vaults:5 | Got a pitted ring mail
 72330 | Vaults:5 | Got a silver rune of Zot
 72544 | Vaults:5 | Identified the Disquisition on Frigorific Flight
 72738 | Vaults:5 | Identified the cursed +1 plate armour of Patience {Harm
                  | Rampage}
 72777 | Vaults:5 | Got a polished scale mail
 72781 | Vaults:5 | Identified the Handbook of Contamination and the Escort
 73007 | Vaults:5 | Reached skill level 15 in Armour
 73022 | Vaults:5 | Identified the +4 great mace "Egrehorch" {protect, Str+4}
 73092 | Vaults:5 | Got a fine hand crossbow
 73100 | Vaults:5 | Identified the Collected Works on the Traveller
 73112 | Vaults:5 | Identified the Tome of the Aerial Oath
 73643 | D:13     | Bought a scroll of blinking for 112 gold pieces
 73643 | D:13     | Bought a scroll of blinking for 112 gold pieces
 73643 | D:13     | Bought a scroll of fear for 52 gold pieces
 73643 | D:13     | Bought a scroll of vulnerability for 112 gold pieces
 73643 | D:13     | Bought a scroll of enchant armour for 112 gold pieces
 73830 | Elf:3    | Bought a scroll of blinking for 127 gold pieces
 73830 | Elf:3    | Bought a scroll of fog for 34 gold pieces
 73830 | Elf:3    | Bought a scroll of immolation for 59 gold pieces
 73830 | Elf:3    | Bought a scroll of holy word for 127 gold pieces
 73830 | Elf:3    | Bought a scroll of immolation for 59 gold pieces
 73830 | Elf:3    | Bought a scroll of brand weapon for 340 gold pieces
 73830 | Elf:3    | Bought a scroll of teleportation for 51 gold pieces
 73830 | Elf:3    | Bought a scroll of holy word for 127 gold pieces
 73830 | Elf:3    | Bought a scroll of identify for 34 gold pieces
 73830 | Elf:3    | Bought a scroll of identify for 34 gold pieces
 73836 | Elf:3    | Bought a potion of invisibility for 144 gold pieces
 73836 | Elf:3    | Bought a potion of ambrosia for 144 gold pieces
 73836 | Elf:3    | Bought 2 potions of mutation for 288 gold pieces
 73836 | Elf:3    | Bought a scroll of identify for 36 gold pieces
 73950 | Orc:2    | Bought a potion of heal wounds for 75 gold pieces
 73950 | Orc:2    | Bought a scroll of fear for 52 gold pieces
 73950 | Orc:2    | Bought a scroll of identify for 30 gold pieces
 74150 | Vaults:4 | Bought a potion of curing for 48 gold pieces
 74150 | Vaults:4 | Bought a potion of haste for 160 gold pieces
 74150 | Vaults:4 | Bought a potion of heal wounds for 80 gold pieces
 74150 | Vaults:4 | Bought a potion of might for 64 gold pieces
 74150 | Vaults:4 | Bought a potion of magic for 128 gold pieces
 74187 | Vaults:4 | Bought a scroll of teleportation for 102 gold pieces
 74644 | Vaults:4 | Bought a scroll of enchant armour for 150 gold pieces
 74644 | Vaults:4 | Bought a scroll of enchant armour for 150 gold pieces
 74644 | Vaults:4 | Bought a scroll of identify for 40 gold pieces
 74644 | Vaults:4 | Bought a scroll of identify for 40 gold pieces
 74644 | Vaults:4 | Bought a scroll of identify for 40 gold pieces
 74644 | Vaults:4 | Bought a scroll of identify for 40 gold pieces
 74644 | Vaults:4 | Bought a scroll of identify for 40 gold pieces
 74644 | Vaults:4 | Bought a scroll of identify for 40 gold pieces
 75161 | Zot:1    | Entered Level 1 of the Realm of Zot
 75953 | Zot:1    | Acquired a +2 double sword of protection
 77180 | Zot:2    | Noticed an ancient lich
 77422 | Zot:2    | Killed an ancient lich
 79299 | Zot:3    | Noticed a Killer Klown
 79318 | Zot:3    | Killed a Killer Klown
 79452 | Zot:3    | Reached skill level 10 in Throwing
 79931 | Zot:4    | Reached skill level 10 in Ice Magic
 79967 | Zot:4    | Noticed a Killer Klown
 79987 | Zot:4    | Killed a Killer Klown
 80814 | Zot:4    | Found a shattered altar of Ashenzari.
 80969 | Zot:4    | Identified the +7 quarterstaff of Duty {vorpal, rPois
                  | Str+4}
 81149 | Zot:5    | Entered Level 5 of the Realm of Zot
 81817 | Zot:5    | Noticed an orb of fire
 81829 | Zot:5    | Killed an orb of fire
 81829 | Zot:5    | Reached skill level 15 in Shields
 81835 | Zot:5    | Noticed a Killer Klown
 81835 | Zot:5    | Noticed an ancient lich
 81836 | Zot:5    | Noticed an ancient lich
 81853 | Zot:4    | Killed a Killer Klown
 82037 | Zot:5    | Killed an ancient lich
 82040 | Zot:5    | Noticed a Killer Klown
 82075 | Zot:5    | Killed a Killer Klown
 82089 | Zot:5    | Killed an ancient lich
 82113 | Zot:5    | Noticed an ancient lich
 82118 | Zot:5    | Noticed an ancient lich
 82123 | Zot:5    | Killed an ancient lich
 82140 | Zot:5    | Killed an ancient lich
 82325 | Zot:5    | Noticed an ancient lich
 82348 | Zot:5    | Killed an ancient lich
 82533 | Zot:5    | Reached skill level 18 in Fighting
 82619 | Zot:5    | Noticed an orb of fire
 82630 | Zot:5    | Killed an orb of fire
 82751 | Zot:5    | Noticed an ancient lich
 82760 | Zot:5    | Killed an ancient lich
 83270 | Zot:5    | Got the Orb of Zot
 83349 | Zot:4    | Noticed an orb of fire
 83897 | D:$      | Escaped with the Orb!

Illustrated notes

Levels and vault maps discovered:
D:1:      dpeg_arrival_pond, layout_rooms, nrook_uturn
D:2:      layout_basic, nicolae_dithmenos_shadow_blocks
D:3:      layout_rooms, nicolae_overflow_hidden_temple, lemuel_round_altar,
          minmay_misc_feat_chi, uniq_sigmund
D:4:      layout_cave_pools, fedhas_altar_3, kennysheep_mini_moat, serial_glass,
          glass_columns_a, glass_columns_c, glass_columns_a, glass_columns_a,
          glass_columns_a, glass_columns_a, glass_columns_b, glass_columns_a,
          grunt_ministairs_12, st_stairs_3, uniq_crazy_yiuf_cottage
D:5:      corexii_shack_village, layout_rooms, portal_sewer_entry_b,
          corexii_checkpoint_b, sigmund_army
D:6:      layout_gridville, xom_teletrap_fun, minmay_temple_entry_proselytizer
D:7:      layout_basic, vehumet_altar_wand_db, okawaru_altar_gauntlet_db
D:8:      layout_basic, eat_drink_and_be_merry_uskayaw, elyvilon_altar_5,
          nicolae_overflow_crystal_walls, dpeg_lair_monsters, serial_shops,
          shop_coins, gup_ossuary_entry_pyramid, basic_altar,
          kennysheep_crisscross
D:9:      layout_basic, lemuel_crystal_altar, kennysheep_mini, serial_aquarium,
          aquarium_bridge_island_small [aquarium_subvault_small_open,
          aquarium_subvault_bridge, aquarium_subvault_bridge,
          aquarium_subvault_wall, aquarium_subvault_window],
          aquarium_bridge_straight [aquarium_subvault_bridge,
          aquarium_subvault_wall, aquarium_subvault_bridge,
          aquarium_subvault_wall], aquarium_window_2, aquarium_window_fake,
          aquarium_window_1, aquarium_view_2d, aquarium_balcony_3a,
          aquarium_pool_corner, minivault_25_ag, uniq_joseph
D:10:     layout_loops_cross, serial_shops, shop, uniq_sonja
D:11:     layout_loops_corners, billiards_dpeg, uniq_fannar, uniq_erolcha
D:12:     layout_big_octagon, orc_0_dummy, serial_shops, nicolae_shop_waterfront
D:13:     layout_loops_ring, erik_vaults_2, serial_shops,
          nicolae_shop_temple_entry_statues_fountains, minivault_10
D:14:     layout_roguey, minivault_25
D:15:     grunt_enter_depths_hoard, layout_basic, uniq_agnes
Temple:   dpeg_three_leaves_temple
Lair:1:   layout_loops_ring, serial_rivers, chequers_serial_rivers_small_a,
          chequers_serial_rivers_room_b, chequers_serial_rivers_room_a,
          chequers_serial_rivers_micro_d, chequers_serial_rivers_small_b,
          chequers_serial_rivers_large_a
Lair:2:   layout_regular_city, minmay_shoals_entry_beasts,
          nicolae_quartered_pool_super, hangedman_lair_unloving_vines
Lair:3:   statuecave_lemuel, layout_gridlike, kennysheep_rathole
Lair:4:   layout_loops_ring, minmay_snake_entry_guardpost_medium,
          lemuel_fruit_fields, uniq_nessos
Lair:5:   layout_regular_city, minmay_slime_entry_pillars, grunt_megastairs_5
Lair:6:   hangedman_lair_in_review, layout_cave_shapes,
          portal_ice_cave_entry_ice_beasts, lemuel_fruit_tree
Shoals:1: cheibrodos_shoals_gigantism, layout_shoals, lightli_airlock
Shoals:2: layout_shoals
Shoals:3: gammafunk_its_a_trap, layout_shoals, serial_shops, bzr_entry_safe
Shoals:4: shoals_end_grunt_ice, layout_shoals
Snake:1:  layout_chambers, serial_bayou_shore_b, serial_bayou_shore_b,
          grunt_megastairs_2
Snake:2:  layout_cave_shapes, minmay_shoptagon, uniq_asterion
Snake:3:  layout_basic
Snake:4:  snake_pit, layout_cave_town, serial_shops,
          nicolae_shop_temple_entry_statues_fountains
Orc:1:    layout_caves, basic_altar, lemuel_statue_altar
Orc:2:    st_orc_town, layout_caves
Elf:1:    elf_arrival_001, layout_loops_corners, serial_shops, bzr_entry_gold,
          minmay_elf_demonology
Elf:2:    layout_loops_cross, serial_shops, shop_fountains, guppyfry_elf_altar
Elf:3:    minmay_elf_hall_hex, layout_onion_city, minmay_shop_grid_forest,
          uniq_roxanne
Vaults:1: vaults_dpeg_spiral, vaults_room_stairs_pillars,
          hangedman_vaults_stretched_pinwheel, ontoclasm_vaults_hangar,
          ontoclasm_vaults_ligature, v_misc_29, v_misc_30,
          nicolae_vaults_network_quinsquares
          [nicolae_vaults_network_quincunx_subvault,
          nicolae_vaults_network_quincunx_subvault,
          nicolae_vaults_network_quincunx_subvault,
          nicolae_vaults_network_quincunx_subvault], vaults_mumra_chevron,
          nicolae_vaults_little_ls, ontoclasm_vaults_twist,
          nicolae_vaults_ninety_degrees, nicolae_vaults_little_squares_3,
          hangedman_vaults_stream, layout_vaults_maze_snakey, uniq_aizul
Vaults:2: grunt_vaults_bifocal, minmay_crypt_entry_simple_corners,
          nicolae_vaults_little_squares_4, v_misc_4, vaults_room_door_ring,
          layout_vaults_omnigrid, uniq_margery
Vaults:3: hangedman_vaults_hat, nicolae_vaults_big_angled_halls,
          nicolae_vaults_little_squares_5, vaults_mumra_minichess, v_rooms_3,
          st_octagons_2, ontoclasm_vaults_chip,
          ontoclasm_vaults_decontamination, vaults_dpeg_ring,
          layout_vaults_omnicross
Vaults:4: ontoclasm_vaults_gateway, dpeg_vaults_pockets_of_resistance,
          nicolae_vaults_network_square, vaults_room_door_hall,
          ontoclasm_vaults_hangar, hangedman_vaults_snaps, v_misc_30,
          nicolae_vaults_what_the_h, nicolae_vaults_windows_and_doors_thing,
          nicolae_vaults_theta, nicolae_vaults_theta, layout_vaults_ring,
          serial_shops, shop, nicolae_shop_competitors_out_of_business,
          nicolae_shop_behind_doors, nicolae_shop_crystal
Vaults:5
Crypt:1:  layout_gridlike, st_stairs_13, grunt_crypt_arrival_split
Crypt:2:  layout_basic, basic_altar, st_stairs_2, moated_statue
Crypt:3:  quadcrypt_mu
Depths:1: layout_cave_shapes, muffindrake_ghost_dead_mans_drink, hellmouth_1,
          grunt_pan_entry_in_and_out, serial_bayou_lagoon_a,
          minmay_misc_feat_tiny, kennysheep_doodads, kennysheep_generic_room_3
Depths:2: minmay_eyes, layout_twisted_cross, minmay_misc_feat_pillars,
          lightli_too_deep, eino_tiny_chamber, dispersion_dpeg,
          infiniplex_staircase_split_hallway, serial_bayou_shore_b,
          firewood_loft
Depths:3: minmay_split_circle, layout_cave_pools, abyss_entry_crystal,
          grunt_decor_cap, serial_sigils, serial_sigils_hangedman_carve,
          serial_sigils_hangedman_scratch, serial_sigils_hangedman_leer,
          pan_entry, hell_entry
Depths:4: hangedman_crystal_crosses_colossus [crystal_crosses_arms_four,
          crystal_crosses_arms_four, crystal_crosses_arms_two,
          crystal_crosses_arms_one], serial_shops, pan_entry, abyss_entry,
          hell_entry
Depths:5: grunt_crosshair, layout_basic, enter_ziggurat_f, hell_entry,
          hangedman_decor_points, serial_co_window_serial, co_window_paths_a,
          co_window_paths_b, co_window_paths_a, co_window_paths_b,
          co_window_paths_a, co_window_broadway_a, co_window_broadway_a,
          co_window_broadway_a, co_window_2corner, co_window_2corner,
          glass_columns_a, glass_columns_a, glass_columns_b, glass_columns_b,
          hangedman_abyss_entry_splay
Zot:1:    layout_cellular_growth, guppyfry_library_mini, grunt_megastairs_3
Zot:2:    ebering_greatest_show_in_zot, layout_gridlike
Zot:3:    layout_misc_corridors, st_stairs_3
Zot:4:    hangedman_orp_of_zott, layout_misc_corridors
Zot:5:    layout_cathedral_of_symmetry

Skill      XL: |  1  2  3  4  5  6  7  8  9 10 11 12 13 14 15 16 17 18 19 20 21 22 23 24 25 |
---------------+----------------------------------------------------------------------------+-----
Armour         | 1 2 3 4 5 7 8 9 10 11 12 13 14 15 | 15.9
Long Blades    | 3 4 5 6 8 10 11 11 13 12 14 15 16 | 16.0
Dodging        | 2 3 2 3 4 5 6 7 9 |  9.1
Fighting       | 3 4 5 6 9 8 10 11 12 13 14 15 16 18 | 18.2
Throwing       | 1 0 2 3 4 5 6 7 8 10 | 10.8
Evocations     | 3 7 6 8 9 10 11 | 11.9
Shields        | 2 3 4 5 6 7 9 10 11 12 13 15 | 15.0
Spellcasting   | 1 2 3 4 5 7 8 9 10 11 12 14 | 14.0
Translocations | 2 4 5 6 7 8 |  8.0
Conjurations   | 4 6 10 11 12 14 | 14.0
Transmutations | 3 5 6 7 8 9 10 11 14 | 14.0
Earth Magic    | 2 3 4 5 6 7 |  7.0
Ice Magic      | 2 3 4 5 6 7 11 | 11.0

Action                   |  1- 3 |  4- 6 |  7- 9 | 10-12 | 13-15 | 16-18 | 19-21 | 22-24 | 25-27 || total
-------------------------+-------+-------+-------+-------+-------+-------+-------+-------+-------++-------
Melee: Falchion          |   110 |   191 |    28 |       |       |       |       |       |       ||   329
       Tailslap          |    13 |    20 |    76 |   167 |   209 |   124 |   217 |   297 |   266 ||  1389
       Long sword        |       |       |   221 |       |       |       |       |       |       ||   221
       Scimitar          |       |       |   233 |    55 |       |       |       |       |       ||   288
       Short sword       |       |       |    41 |    48 |       |       |       |       |       ||    89
       Double sword      |       |       |       |   806 |  1148 |   851 |   921 |  1142 |  1052 ||  5920
       Dagger            |       |       |       |       |    10 |       |       |       |       ||    10
Throw: Boomerang         |       |     1 |   237 |   157 |    64 |   552 |   123 |   589 |    10 ||  1733
       Javelin           |       |       |       |    15 |     7 |   137 |   357 |    81 |   543 ||  1140
       Dart              |       |       |       |    57 |   143 |     4 |     5 |     7 |     9 ||   225
       Throwing net      |       |       |       |       |       |       |       |     1 |     2 ||     3
 Cast: Apportation       |       |       |       |       |       |     1 |       |     1 |       ||     2
       Blink             |       |       |       |       |       |       |       |       |    15 ||    15
       Irradiate         |       |       |       |       |       |       |       |       |    12 ||    12
       Frozen Ramparts   |       |       |       |       |       |       |       |       |     6 ||     6
Invok: Sacrifice Love    |       |       |     1 |       |       |       |       |       |       ||     1
       Draw Out Power    |       |       |       |     1 |       |       |     1 |       |       ||     2
       Sacrifice Experie |       |       |       |     1 |       |       |       |       |       ||     1
       Sacrifice Skill   |       |       |       |     1 |       |       |       |       |       ||     1
       Power Leap        |       |       |       |     4 |     5 |     5 |     1 |     3 |     1 ||    19
       Reject Sacrifices |       |       |       |     1 |       |       |       |       |       ||     1
       Sacrifice Stealth |       |       |       |       |     1 |       |       |       |       ||     1
       Sacrifice Arcana  |       |       |       |       |     1 |       |       |       |       ||     1
       Apocalypse        |       |       |       |       |       |     1 |       |       |       ||     1
 Abil: Rolling Charge    |    28 |    14 |    27 |    33 |    55 |    52 |    22 |    33 |    18 ||   282
       Evoke Invisibilit |       |       |       |     1 |    21 |    16 |    11 |    18 |    24 ||    91
Evoke: Wand              |       |       |     8 |    20 |     5 |    29 |    22 |     6 |    14 ||   104
       Condenser vane    |       |       |       |       |     6 |    13 |    12 |    18 |    18 ||    67
       Lightning rod     |       |       |       |       |     8 |     7 |     8 |     4 |     7 ||    34
       Tin of tremorston |       |       |       |       |       |    13 |    22 |    22 |    22 ||    79
       Phial of floods   |       |       |       |       |       |       |     3 |     2 |     3 ||     8
  Use: Scroll            |     1 |     1 |    17 |    16 |    10 |    20 |     2 |     9 |    23 ||    99
       Potion            |       |     4 |     1 |     3 |       |       |     1 |     2 |     4 ||    15
 Stab: Paralysed         |       |       |     4 |     1 |     9 |     5 |     2 |       |     1 ||    22
       Invisible         |       |       |       |     6 |    88 |    39 |    40 |    51 |    59 ||   283
       Distracted        |       |       |       |     2 |     4 |     1 |     1 |     4 |     5 ||    17
       Held in net/web   |       |       |       |       |       |       |       |       |     2 ||     2
Armor: Leather armour    |    45 |       |       |       |       |       |       |       |       ||    45
       Ring mail         |    13 |   110 |   119 |       |       |       |       |       |       ||   242
       Chain mail        |       |       |    96 |    21 |       |       |       |       |       ||   117
       Scale mail        |       |       |    14 |       |       |       |       |       |       ||    14
       Skin              |       |       |     3 |     2 |       |       |       |       |       ||     5
       Plate armour      |       |       |       |   528 |   697 |   457 |       |       |       ||  1682
       Crystal plate arm |       |       |       |       |       |    71 |   413 |   434 |   443 ||  1361
Dodge: Dodged            |    37 |   114 |   154 |    72 |   115 |    91 |    28 |   108 |   166 ||   885
Block: Buckler           |       |       |     4 |   195 |   275 |       |       |       |       ||   474
       Kite shield       |       |       |       |       |    19 |   372 |     6 |       |       ||   397
       Tower shield      |       |       |       |       |       |       |   499 |   626 |   786 ||  1911
       Rpst.: Falchion   |    10 |    39 |     4 |       |       |       |       |       |       ||    53
       Long sword        |       |       |    23 |       |       |       |       |       |       ||    23
       Scimitar          |       |       |    15 |       |       |       |       |       |       ||    15
       Double sword      |       |       |       |    13 |    27 |    14 |     4 |    19 |    24 ||   101

Table legend: (Time is in decaauts)
 A = Elapsed time spent in this place.
 B = Non-inter-level travel time spent in this place.
 C = Inter-level travel time spent in this place.
 D = Time resting spent in this place.
 E = Time spent auto-exploring this place.
 F = Levels seen in this place.
 G = Mean time per level.
                   A        B        C        D        E       F      G
               +--------+--------+--------+--------+--------+-----+--------+
         Total |  84852 |  74299 |  10553 |   2250 |  51185 |  58 | 1463.0 |
       Dungeon |  22941 |  18222 |   4719 |    510 |  12647 |  15 | 1529.4 |
        Temple |     35 |     23 |     12 |      0 |      0 |   1 |   35.0 |
          Lair |   9219 |   8050 |   1169 |    132 |   6324 |   6 | 1536.5 |
        Shoals |   6881 |   6373 |    508 |    355 |   4338 |   4 | 1720.2 |
     Snake Pit |   7932 |   7532 |    400 |     21 |   6313 |   4 | 1983.0 |
  Orcish Mines |   2233 |   1919 |    314 |    155 |   1214 |   2 | 1116.5 |
   Elven Halls |   4967 |   4268 |    699 |    139 |   2590 |   3 | 1655.7 |
        Vaults |   9305 |   8180 |   1125 |     98 |   5411 |   5 | 1861.0 |
         Crypt |   3600 |   3370 |    230 |     35 |   2248 |   3 | 1200.0 |
        Depths |   7000 |   5965 |   1035 |     99 |   3744 |   5 | 1400.0 |
           Zot |   7540 |   7202 |    338 |    651 |   4495 |   5 | 1508.0 |
        Bazaar |    265 |    265 |      0 |      0 |    136 |   2 |  132.5 |
         Sewer |   1070 |   1070 |      0 |      0 |    663 |   1 | 1070.0 |
       Ossuary |    729 |    729 |      0 |     54 |    343 |   1 |  729.0 |
      Ice Cave |   1128 |   1128 |      0 |      0 |    712 |   1 | 1128.0 |
               +--------+--------+--------+--------+--------+-----+--------+

Top non-repeatable levels by time:
Vaults:4: 2822 daAuts
 Snake:3: 2553 daAuts
Shoals:1: 2423 daAuts
 Snake:1: 2226 daAuts
   Elf:3: 2182 daAuts
     D:8: 2088 daAuts
    D:11: 2076 daAuts
     D:9: 2015 daAuts
    D:13: 1993 daAuts
   Zot:5: 1893 daAuts
  Lair:3: 1887 daAuts
  Lair:4: 1797 daAuts
Vaults:5: 1767 daAuts
Depths:2: 1761 daAuts
 Crypt:3: 1726 daAuts
